 Dungeon Crawl Stone Soup version 0.28-a0-175-gb2089b6bb7 (webtiles) character file.

Game seed: 502307873001902418

87 Arne the Conjurer (level 4, 0/24 HPs)
             Began as a Deep Elf Conjurer on Aug 17, 2021.
             Slain by a black bear (1 damage)
             ... on level 3 of the Dungeon.
             The game lasted 00:20:24 (2415 turns).

Arne the Conjurer (Deep Elf Conjurer)               Turns: 2415, Time: 00:20:27

Health: 0/24       AC:  7    Str:  4    XL:     4   Next: 28%
Magic:  0/11       EV: 12    Int: 23    God:
Gold:   122        SH:  0    Dex: 14    Spells: 9/10 levels left

rFire   . . .      SeeInvis .   n - +2 dagger (vamp)
rCold   . . .      Faith    .   (no shield)
rNeg    . . .      Spirit   .   a - +0 robe
rPois   .          Reflect  .   f - +2 helmet
rElec   .          Harm     .   o - +1 cloak
rCorr   .          Rampage  .   (no gloves)
Will    .....                   (no boots)
Stlth   ++........              (no amulet)
HPRegen 0.08/turn               (no ring)
MPRegen 0.12/turn               (no ring)

@: no status effects
A: no striking features
a: no special abilities


You were on level 3 of the Dungeon.
You visited 1 branch of the dungeon, and saw 3 of its levels.

You collected 122 gold pieces.

Inventory:

Hand Weapons
 c - a +0 flail
 e - a +0 dagger
 j - a +0 short sword
 n - a +2 vampiric dagger (weapon)
Missiles
 r - a throwing net
Armour
 a - a +0 robe (worn)
 f - a +2 helmet (worn)
 o - a +1 cloak (worn)
Scrolls
 d - a scroll of silence {unknown}
 h - a scroll of noise {unknown}
 i - a scroll of identify {unknown}
 m - a scroll of teleportation {unknown}
 q - a scroll of summoning {unknown}
Potions
 b - a potion of degeneration {unknown}
 g - a potion of lignification {unknown}
 k - a potion of berserk rage {unknown}
 l - a potion of curing {unknown}
 p - 2 potions of flight {unknown}


   Skills:
 + Level 0.1 Fighting
 + Level 2.7 Dodging
 + Level 2.7 Stealth
 + Level 3.5 Spellcasting
 + Level 5.9 Conjurations


You had 9 spell levels left.
You knew the following spells:

 Your Spells              Type           Power      Damage    Failure   Level
a - Magic Dart            Conj           100%       1d8       1%          1

Your spell library contained the following spells:

 Spells                   Type           Power      Damage    Failure   Level
 Searing Ray              Conj           62%        3d5       1%          2
 Dazzling Flash           Conj/Hex       34%        N/A       10%         3
 Fulminant Prism          Conj/Hex       8%         3d7       32%         4
 Iskenderun's Mystic Bla  Conj/Tloc      17%        2d5       32%         4


Dungeon Overview and Level Annotations

Branches:
Dungeon (3/15)

Altars:

Shops:
D:2 *


Message History

Press: ? - help, Shift-Dir - straight line, f/p - black bear
Aim: a black bear (heavily wounded, 100% to hit)
The magic dart hits the black bear.
The black bear is severely wounded.
The black bear bites you but does no damage.
The black bear claws you but does no damage. x2
Unknown command.
Casting: Magic Dart (safe; 1% risk of failure)
Confirm with . or Enter, or press ? or * to list all spells.
Aiming: Magic Dart (safe; 1% risk of failure)
Press: ? - help, Shift-Dir - straight line, f/p - black bear
Aim: a black bear (heavily wounded, 100% to hit)
The magic dart hits the black bear!
The black bear is almost dead.
The black bear goes berserk!
Unknown command.
Casting: Magic Dart (safe; 1% risk of failure)
Confirm with . or Enter, or press ? or * to list all spells.
Aiming: Magic Dart (safe; 1% risk of failure)
Press: ? - help, Shift-Dir - straight line, f/p - black bear
Aim: a black bear (almost dead, berserk, 100% to hit)
The magic dart hits the black bear.
The black bear is almost dead.
The black bear barely misses you. The black bear claws you.
The black bear claws you but does no damage.
Casting: Magic Dart (safe; 1% risk of failure)
Confirm with . or Enter, or press ? or * to list all spells.
Aiming: Magic Dart (safe; 1% risk of failure)
Press: ? - help, Shift-Dir - straight line, f/p - black bear
Aim: a black bear (almost dead, berserk, 100% to hit)
The magic dart hits the black bear but does no damage.
The black bear is almost dead.
The black bear bites you but does no damage.
The black bear claws you but does no damage.
The black bear claws you. The black bear bites you.
* * * LOW HITPOINT WARNING * * *
The black bear claws you.
* * * LOW HITPOINT WARNING * * *
The black bear claws you.
You die...

############
############..........#
#....h@......########.#
###########.########.#.#
#.# ..........#.# #.#.#
#.# ..........#.# #.#.#
#.# ..........#'###
#.#.# #.#
..........†...# #.#.#
#.# ..............#
#.#.# #.#
..............# #.#.#
#.# .#######......#
#.#.# #.#


You could see a black bear (berserk).

Vanquished Creatures
  Jessica (D:3)
  An adder (D:2)
  A worm (D:3)
  3 dart slugs
  3 endoplasms
  2 giant cockroaches
  3 goblins
  5 hobgoblins
  7 jackals
  A ball python (D:3)
  A bat (D:2)
  8 kobolds
  6 rats
42 creatures vanquished.

Notes
Turn   | Place    | Note
-------+----------+-------------------------------------------
     0 | D:1      | Arne the Deep Elf Conjurer began the quest for the Orb.
     0 | D:1      | Reached XP level 1. HP: 10/10 MP: 6/6
    85 | D:1      | Found a faded altar of an unknown god.
   433 | D:1      | Reached XP level 2. HP: 5/15 MP: 2/8
   549 | D:1      | Reached skill level 5 in Conjurations
  1073 | D:2      | Found Filogguu's General Store.
  1078 | D:2      | Reached XP level 3. HP: 19/19 MP: 4/9
  1838 | D:3      | Noticed Jessica
  1844 | D:3      | Killed Jessica
  1845 | D:3      | Reached XP level 4. HP: 13/24 MP: 3/11
  2382 | D:3      | Noticed a black bear
  2415 | D:3      | HP: 1/24 [black bear (2)]
  2415 | D:3      | Slain by a black bear

Illustrated notes

Levels and vault maps discovered:
D:1:      mainiacjoe_arrival_reflecting_pool, layout_basic,
          ebering_ecumenical_altar_box, st_stairs_5,
          chequers_serial_rivers_micro_c
D:2:      layout_loops_cross, serial_shops, shop
D:3:      layout_basic, portal_sewer_entry_d, uniq_jessica

Skill      XL: |  1  2 |
---------------+-------+-----
Conjurations   | 5 |  5.9
Fighting       | |  0.1
Dodging        | |  2.7
Stealth        | |  2.7
Spellcasting   | |  3.5

Action                   |  1- 3 |  4- 6 || total
-------------------------+-------+-------++-------
Melee: Dagger            |     5 |     6 ||    11
 Cast: Magic Dart        |    76 |    21 ||    97
Armor: Robe              |     3 |    18 ||    21
Dodge: Dodged            |     6 |    13 ||    19

Table legend: (Time is in decaauts)
 A = Elapsed time spent in this place.
 B = Non-inter-level travel time spent in this place.
 C = Inter-level travel time spent in this place.
 D = Time resting spent in this place.
 E = Time spent auto-exploring this place.
 F = Levels seen in this place.
 G = Mean time per level.
                   A        B        C        D        E       F      G
               +--------+--------+--------+--------+--------+-----+--------+
         Total |   2419 |   2419 |      0 |    383 |      0 |   3 |  806.3 |
       Dungeon |   2419 |   2419 |      0 |    383 |      0 |   3 |  806.3 |
               +--------+--------+--------+--------+--------+-----+--------+

Top non-repeatable levels by time:
     D:1: 1069 daAuts
     D:3: 703 daAuts
     D:2: 646 daAuts
